NYP
TRI-CITY VALLEYCATS @ IDAHO FALLS CHUKARS
08/07/2048
 
TOP OF THE 1ST
Tri-City ValleyCats batting - Pitching for Idaho Falls Chukars : RHP Tom Daniels
Pitching: RHP Tom Daniels
Batting: RHB Omar Amaya 0-0: Ball
1-0: SINGLE (Groundball, 5L, EV 84.4 MPH) (infield hit)
Batting: LHB Jackson Trottier 0-0: Ball
Omar Amaya steals 2nd base
1-0: Called Strike
1-1: Fly out, F7 (Flyball, 7, EV 90.6 MPH)
Batting: RHB Dinand Brouwer 0-0: Ball
1-0: Ball
2-0: Called Strike
2-1: Foul Ball, location: 2F
2-2: Strikes out swinging
Batting: LHB Wade Girard 0-0: Called Strike
0-1: Ball
1-1: Swinging Strike
1-2: Foul Ball, location: 2F
1-2: Foul Ball, location: 2F
1-2: Ball
2-2: Strikes out swinging
Top of the 1st over - 0 runs, 1 hit, 0 errors, 1 left on base; Tri-City 0 - Idaho Falls 0
BOTTOM OF THE 1ST
Idaho Falls Chukars batting - Pitching for Tri-City ValleyCats : LHP Chase Smith
Pitching: LHP Chase Smith
Batting: RHB Mike Bearden 0-0: Ball
1-0: Fly out, F8 (Flyball, 8LS, EV 89.4 MPH)
Batting: RHB Jonas Fernandez 0-0: Swinging Strike
0-1: Ball
1-1: Ground out 5-3 (Groundball, 5, EV 102.5 MPH)
Batting: RHB Carlos Almada 0-0: Called Strike
0-1: Foul Ball, location: 2F
0-2: Ball
1-2: Strikes out swinging
Bottom of the 1st over - 0 runs, 0 hits, 0 errors, 0 left on base; Tri-City 0 - Idaho Falls 0
TOP OF THE 2ND
Tri-City ValleyCats batting - Pitching for Idaho Falls Chukars : RHP Tom Daniels
Batting: RHB Steve Moore 0-0: Ball
1-0: Ball
2-0: SINGLE (Line Drive, 78M, EV 102.5 MPH)
Batting: RHB Kieron Clark 0-0: TRIPLE (Flyball, 89XD, EV 103.1 MPH)
Steve Moore scores
Batting: LHB Tomas de Zeeuw 0-0: Ball
1-0: SINGLE (Groundball, 6MS, EV 68.8 MPH) (infield hit)
Kieron Clark scores
Batting: RHB Yoshitoshi Mori 0-0: Called Strike
Tomas de Zeeuw is caught stealing 2nd base 2-4
0-1: Foul Ball, location: 2F
0-2: Ball
1-2: Ball
2-2: DOUBLE (Flyball, 8RXD, EV 105.6 MPH)
Batting: RHB Patrick Pinault 0-0: Ball
1-0: Called Strike
1-1: Foul Ball, location: 2F
1-2: Ball
2-2: Fly out, F5 (Popup, 5SF, EV 70.0 MPH)
Batting: RHB Omar Amaya 0-0: Ball
1-0: Swinging Strike
1-1: Ball
2-1: Foul Ball, location: 2F
2-2: Strikes out swinging
Top of the 2nd over - 2 runs, 4 hits, 0 errors, 1 left on base; Tri-City 2 - Idaho Falls 0
BOTTOM OF THE 2ND
Idaho Falls Chukars batting - Pitching for Tri-City ValleyCats : LHP Chase Smith
Batting: RHB Chance Argy 0-0: Fly out, F7 (Line Drive, 78M, EV 93.1 MPH)
Batting: RHB Jimmy Mayville 0-0: Ball
1-0: Ball
2-0: Ground out 3-1 (Groundball, 34S, EV 93.8 MPH)
Batting: RHB Bobby Matyas 0-0: SINGLE (Line Drive, 5L, EV 96.2 MPH)
Batting: LHB David Bearden 0-0: Ball
1-0: SINGLE (Groundball, 3D, EV 95.0 MPH)
Bobby Matyas to second
Runner from 2nd tries for 3rd, SAFE, throw by RF made to third
David Bearden to second
Batting: RHB Bill Cranton 0-0: Called Strike
0-1: Ball
Wild Pitch!
Bobby Matyas scores
David Bearden to third
1-1: SINGLE (Flyball, 8LS, EV 93.1 MPH)
David Bearden scores
Batting: SHB Benoît Morin 0-0: Fly out, F8 (Flyball, 8RD, EV 108.8 MPH)
Bottom of the 2nd over - 2 runs, 3 hits, 0 errors, 1 left on base; Tri-City 2 - Idaho Falls 2
TOP OF THE 3RD
Tri-City ValleyCats batting - Pitching for Idaho Falls Chukars : RHP Tom Daniels
Batting: LHB Jackson Trottier 0-0: Swinging Strike
0-1: Ball
1-1: Ground out 6-3 (Groundball, 6S, EV 70.6 MPH)
Batting: RHB Dinand Brouwer 0-0: Ball
1-0: Called Strike
1-1: Foul Ball, location: 2F
1-2: TRIPLE (Flyball, 89XD, EV 100.6 MPH)
Batting: LHB Wade Girard 0-0: Ball
1-0: Called Strike
1-1: Ball
2-1: Ball
3-1: Called Strike
3-2: Base on Balls
Batting: RHB Steve Moore 0-0: Called Strike
0-1: Ball
1-1: Called Strike
1-2: Ball
2-2: Strikes out looking
Batting: RHB Kieron Clark 0-0: Called Strike
0-1: Ball
1-1: Ground out 4-3 (Groundball, 34, EV 98.8 MPH)
Top of the 3rd over - 0 runs, 1 hit, 0 errors, 2 left on base; Tri-City 2 - Idaho Falls 2
BOTTOM OF THE 3RD
Idaho Falls Chukars batting - Pitching for Tri-City ValleyCats : LHP Chase Smith
Batting: RHB Mike Bearden 0-0: Ball
1-0: Ground out 6-3 (Groundball, 6, EV 106.2 MPH)
Batting: RHB Jonas Fernandez 0-0: Ground out 6-3 (Groundball, 6, EV 75.6 MPH)
Batting: RHB Carlos Almada 0-0: SINGLE (Line Drive, 6MD, EV 98.8 MPH)
Batting: RHB Chance Argy 0-0: Foul Ball, location: 2F
0-1: Called Strike
0-2: Ground out 5-3 (Groundball, 56S, EV 84.4 MPH)
Bottom of the 3rd over - 0 runs, 1 hit, 0 errors, 1 left on base; Tri-City 2 - Idaho Falls 2
TOP OF THE 4TH
Tri-City ValleyCats batting - Pitching for Idaho Falls Chukars : RHP Tom Daniels
Batting: LHB Tomas de Zeeuw 0-0: Called Strike
0-1: Fly out, F7 (Flyball, 7D, EV 105.0 MPH)
Batting: RHB Yoshitoshi Mori 0-0: Ball
1-0: Ball
2-0: Foul Ball, location: 2F
2-1: Foul Ball, location: 2F
2-2: Foul Ball, location: 2F
2-2: Ball
3-2: Strikes out swinging
Batting: RHB Patrick Pinault 0-0: Ball
1-0: Called Strike
1-1: Called Strike
1-2: Fly out, F4 (Popup, 4, EV 58.1 MPH)
Top of the 4th over - 0 runs, 0 hits, 0 errors, 0 left on base; Tri-City 2 - Idaho Falls 2
BOTTOM OF THE 4TH
Idaho Falls Chukars batting - Pitching for Tri-City ValleyCats : LHP Chase Smith
Batting: RHB Jimmy Mayville 0-0: Called Strike
0-1: Ground out 5-3 (Groundball, 56, EV 104.4 MPH)
Batting: RHB Bobby Matyas 0-0: Ball
1-0: Called Strike
1-1: SINGLE (Line Drive, 9S, EV 93.8 MPH)
Batting: LHB David Bearden 0-0: Ball
1-0: Foul Ball, location: 2F
1-1: Fielders Choice at 2nd, 3-6 (Groundball, 34, EV 90.6 MPH)
Batting: RHB Bill Cranton 0-0: Ball
1-0: Foul Ball, location: 2F
1-1: Called Strike
1-2: Foul Ball, location: 2F
1-2: Strikes out swinging
Bottom of the 4th over - 0 runs, 1 hit, 0 errors, 1 left on base; Tri-City 2 - Idaho Falls 2
TOP OF THE 5TH
Tri-City ValleyCats batting - Pitching for Idaho Falls Chukars : RHP Tom Daniels
Batting: RHB Omar Amaya 0-0: Ground out 6-3 (Groundball, 56, EV 80.0 MPH)
Batting: LHB Jackson Trottier 0-0: Ball
1-0: Swinging Strike
1-1: Foul Ball, location: 2F
1-2: Ball
2-2: Strikes out looking
Batting: RHB Dinand Brouwer 0-0: Ball
1-0: Ball
2-0: Called Strike
2-1: Ball
3-1: Foul Ball, location: 2F
3-2: Foul Ball, location: 2F
3-2: Ground out 5-3 (Groundball, 56S, EV 86.2 MPH)
Top of the 5th over - 0 runs, 0 hits, 0 errors, 0 left on base; Tri-City 2 - Idaho Falls 2
BOTTOM OF THE 5TH
Idaho Falls Chukars batting - Pitching for Tri-City ValleyCats : LHP Chase Smith
Batting: SHB Benoît Morin 0-0: Fly out, F9 (Line Drive, 9, EV 88.8 MPH)
Batting: RHB Mike Bearden 0-0: Ground out 4-3 (Groundball, 4, EV 98.1 MPH)
Batting: RHB Jonas Fernandez 0-0: Called Strike
0-1: Foul Ball, location: 2F
0-2: Hit by Pitch
Batting: RHB Carlos Almada 0-0: Foul Ball, location: 2F
0-1: Swinging Strike
0-2: Ball
1-2: Foul Ball, location: 2F
1-2: Hit by Pitch
Jonas Fernandez to second
Batting: RHB Chance Argy 0-0: Fly out, F9 (Flyball, 9, EV 81.9 MPH)
Bottom of the 5th over - 0 runs, 0 hits, 0 errors, 2 left on base; Tri-City 2 - Idaho Falls 2
TOP OF THE 6TH
Tri-City ValleyCats batting - Pitching for Idaho Falls Chukars : RHP Tom Daniels
Batting: LHB Wade Girard 0-0: Foul Ball, location: 2F
0-1: Ball
1-1: Ball
2-1: Ball
3-1: Ground out 4-3 (Groundball, 4, EV 76.9 MPH)
Batting: RHB Steve Moore 0-0: Called Strike
0-1: Ball
1-1: Fly out, F9 (Line Drive, 89M, EV 94.4 MPH)
Batting: RHB Kieron Clark 0-0: Ball
1-0: Ball
2-0: Foul Ball, location: 2F
2-1: SINGLE (Groundball, 6MD, EV 111.9 MPH)
Batting: LHB Tomas de Zeeuw 0-0: Ball
1-0: SINGLE (Line Drive, 78M, EV 98.8 MPH)
Kieron Clark to second
Batting: RHB Yoshitoshi Mori 0-0: Ground out 4-3 (Groundball, 4, EV 105.0 MPH)
Top of the 6th over - 0 runs, 2 hits, 0 errors, 2 left on base; Tri-City 2 - Idaho Falls 2
BOTTOM OF THE 6TH
Idaho Falls Chukars batting - Pitching for Tri-City ValleyCats : LHP Chase Smith
Batting: RHB Jimmy Mayville 0-0: Ball
1-0: Called Strike
1-1: Swinging Strike
1-2: Strikes out looking
Batting: RHB Bobby Matyas 0-0: Ball
1-0: Foul Ball, location: 2F
1-1: Called Strike
1-2: Ground out 5-3 (Groundball, 56, EV 103.1 MPH)
Batting: LHB David Bearden 0-0: Ball
1-0: Called Strike
1-1: Called Strike
1-2: Ground out 4-3 (Groundball, 4M, EV 83.1 MPH)
Bottom of the 6th over - 0 runs, 0 hits, 0 errors, 0 left on base; Tri-City 2 - Idaho Falls 2
TOP OF THE 7TH
Tri-City ValleyCats batting - Pitching for Idaho Falls Chukars : RHP Tom Daniels
Batting: RHB Patrick Pinault 0-0: Ball
1-0: Called Strike
1-1: Called Strike
1-2: Strikes out swinging
Batting: RHB Omar Amaya 0-0: Ball
1-0: Ball
2-0: Ball
3-0: Base on Balls
Pitching: LHP Hyoji Kawabata
Batting: LHB Jackson Trottier 0-0: Called Strike
0-1: Ball
1-1: Ball
2-1: SINGLE (Flyball, 6D, EV 93.8 MPH)
Omar Amaya to second
Batting: RHB Dinand Brouwer 0-0: Called Strike
0-1: Called Strike
0-2: Ball
1-2: Foul Ball, location: 2F
1-2: Ball
2-2: Ball
3-2: Strikes out looking
Pinch Hitting: RHB Juan Mendoza 0-0: Called Strike
0-1: Ball
1-1: Called Strike
1-2: SINGLE (Line Drive, 56D, EV 100.6 MPH)
Omar Amaya to third
Jackson Trottier to second
Runner from 3rd tries for Home, SAFE, throw by LF to home
Batting: RHB Steve Moore 0-0: Ball
1-0: Ball
2-0: Ball
3-0: Base on Balls
Jackson Trottier to third
Juan Mendoza to second
Pitching: RHP Bryan Kiefer
Batting: RHB Kieron Clark 0-0: Ball
1-0: Ball
2-0: Called Strike
2-1: Ball
3-1: Foul Ball, location: 2F
3-2: Base on Balls
Jackson Trottier scores
Juan Mendoza to third
Steve Moore to second
Batting: LHB Tomas de Zeeuw 0-0: GRAND SLAM HOME RUN (Flyball, 9D, EV 101.2 MPH), Distance : 390 ft
Batting: RHB Yoshitoshi Mori 0-0: Ball
1-0: Swinging Strike
1-1: Ball
2-1: Ball
3-1: Base on Balls
Batting: RHB Patrick Pinault 0-0: Called Strike
0-1: Foul Ball, location: 2F
0-2: Ball
1-2: Strikes out swinging
Top of the 7th over - 6 runs, 3 hits, 0 errors, 1 left on base; Tri-City 8 - Idaho Falls 2
BOTTOM OF THE 7TH
Idaho Falls Chukars batting - Pitching for Tri-City ValleyCats : LHP Chase Smith
Now in LF: Juan Mendoza
Now in CF: Omar Amaya
Batting: RHB Bill Cranton 0-0: Fly out, F7 (Flyball, 7D, EV 86.2 MPH)
Batting: SHB Benoît Morin 0-0: Foul Ball, location: 2F
0-1: Ball
1-1: Ball
2-1: Ball
3-1: Ground out 4-3 (Groundball, 4, EV 85.6 MPH)
Batting: RHB Mike Bearden 0-0: Called Strike
0-1: Ball
1-1: Ball
2-1: Called Strike
2-2: Ball
3-2: Ground out 6-3 (Groundball, 6, EV 87.5 MPH)
Bottom of the 7th over - 0 runs, 0 hits, 0 errors, 0 left on base; Tri-City 8 - Idaho Falls 2
TOP OF THE 8TH
Tri-City ValleyCats batting - Pitching for Idaho Falls Chukars : RHP Bryan Kiefer
Batting: RHB Omar Amaya 0-0: Ball
1-0: Ball
2-0: Ball
3-0: Base on Balls
Pitching: RHP Francisco Reyes
Batting: LHB Jackson Trottier 0-0: Called Strike
Omar Amaya steals 2nd base
0-1: Swinging Strike
0-2: Strikes out swinging
Batting: RHB Dinand Brouwer Balk!
Omar Amaya to third
0-0: Ball
1-0: Foul Ball, location: 2F
1-1: Ball
2-1: Foul Ball, location: 2F
2-2: Foul Ball, location: 2F
2-2: Ball
3-2: Foul Ball, location: 2F
3-2: Strikes out looking
Batting: RHB Juan Mendoza 0-0: Foul Ball, location: 2F
0-1: Ball
1-1: SINGLE (Groundball, 6MD, EV 96.2 MPH)
Omar Amaya scores
Batting: RHB Steve Moore 0-0: Foul Ball, location: 2F
0-1: Ball
1-1: Called Strike
1-2: Strikes out swinging
Top of the 8th over - 1 run, 1 hit, 0 errors, 1 left on base; Tri-City 9 - Idaho Falls 2
BOTTOM OF THE 8TH
Idaho Falls Chukars batting - Pitching for Tri-City ValleyCats : LHP Chase Smith
Pinch Hitting: RHB Rafael Tapia 0-0: Ball
1-0: Called Strike
1-1: Swinging Strike
1-2: Foul Ball, location: 2F
1-2: Fly out, F9 (Flyball, 89S, EV 86.2 MPH)
Batting: RHB Carlos Almada 0-0: Ball
1-0: Ball
2-0: Foul Ball, location: 2F
2-1: Foul Ball, location: 2F
2-2: Ball
3-2: Foul Ball, location: 2F
3-2: Base on Balls
Batting: RHB Chance Argy 0-0: Called Strike
0-1: Ball
1-1: Ball
2-1: Ball
3-1: Called Strike
3-2: Grounds into double play, 5-4-3 (Groundball, 56S, EV 85.6 MPH)
Bottom of the 8th over - 0 runs, 0 hits, 0 errors, 0 left on base; Tri-City 9 - Idaho Falls 2
TOP OF THE 9TH
Tri-City ValleyCats batting - Pitching for Idaho Falls Chukars : RHP Francisco Reyes
Pitching: RHP Greg Sell
Now at 3B: Rafael Tapia
Batting: RHB Kieron Clark 0-0: Called Strike
0-1: Ball
1-1: Ball
2-1: Foul Ball, location: 2F
2-2: Strikes out looking
Batting: LHB Tomas de Zeeuw 0-0: Called Strike
0-1: DOUBLE (Line Drive, 78M, EV 95.6 MPH)
Batting: RHB Yoshitoshi Mori 0-0: Foul Ball, location: 2F
0-1: Swinging Strike
0-2: Foul Ball, location: 2F
0-2: Foul Ball, location: 2F
0-2: SINGLE (Groundball, 34D, EV 104.4 MPH)
Tomas de Zeeuw to third
Runner from 3rd tries for Home, throw by RF and OUT! 9-2
Batting: RHB Patrick Pinault 0-0: SINGLE (Line Drive, 7S, EV 93.8 MPH)
Yoshitoshi Mori to second
Batting: RHB Omar Amaya 0-0: Ball
1-0: Ball
2-0: Ball
Wild Pitch!
Yoshitoshi Mori to third
Patrick Pinault to second
3-0: Base on Balls
Batting: LHB Jackson Trottier 0-0: Ball
1-0: Ball
2-0: Ball
3-0: Called Strike
3-1: Base on Balls
Yoshitoshi Mori scores
Patrick Pinault to third
Omar Amaya to second
Pitching: LHP Kentaro Shimasaki
Batting: RHB Dinand Brouwer 0-0: Ball
1-0: Ball
2-0: Swinging Strike
2-1: Ball
3-1: Base on Balls
Patrick Pinault scores
Omar Amaya to third
Jackson Trottier to second
Batting: RHB Juan Mendoza 0-0: Ball
1-0: Ball
2-0: Foul Ball, location: 2F
2-1: Ball
3-1: Foul Ball, location: 2F
3-2: Strikes out swinging
Top of the 9th over - 2 runs, 3 hits, 0 errors, 3 left on base; Tri-City 11 - Idaho Falls 2
BOTTOM OF THE 9TH
Idaho Falls Chukars batting - Pitching for Tri-City ValleyCats : LHP Chase Smith
Pinch Hitting: RHB Trevor Kingston 0-0: Ball
1-0: Called Strike
1-1: Ground out 4-3 (Groundball, 4, EV 81.2 MPH)
Batting: RHB Bobby Matyas 0-0: Ball
1-0: Ball
2-0: Fly out, F3 (Popup, 3SF, EV 75.6 MPH)
Batting: LHB David Bearden 0-0: Ball
1-0: Ball
2-0: Ball
3-0: Base on Balls
Pitching: RHP Russ Greer
Batting: RHB Bill Cranton 0-0: Ball
1-0: Fly out, F8 (Line Drive, 78M, EV 90.0 MPH)
Bottom of the 9th over - 0 runs, 0 hits, 0 errors, 1 left on base; Tri-City 11 - Idaho Falls 2
Tuesday, March 28th , 2023 - OOTP Baseball 23.10 Build 110